 Dungeon Crawl Stone Soup version 0.22-a0-458-gb446440 (webtiles) character file.

133 jerryfan the Cutter (level 5, 0/34 HPs)
             Began as a Halfling Gladiator on June 7, 2018.
             Killed by divine providence
             ... invoked by an orc priest
              (11 damage)
             ... on level 2 of the Dungeon on June 8, 2018.
             The game lasted 00:06:05 (1559 turns).

jerryfan the Cutter (Halfling Gladiator)            Turns: 1559, Time: 00:06:05

Health: 0/34       AC:  4    Str: 15    XL:     5   Next: 40%
Magic:  5/5        EV: 16    Int:  6    God:
Gold:   95         SH:  0    Dex: 17    Spells: 4/4 levels left

rFire    . . .     SeeInvis .   a - +0 rapier
rCold    . . .     Gourm    .   (shield restricted)
rNeg     . . .     Faith    .   b - +0 leather armour
rPois    .         Spirit   .   c - +0 helmet
rElec    .         Reflect  .   (no cloak)
rCorr    .         Harm     .   (no gloves)
MR       .....                  (no boots)
Stlth    ++........             (no amulet)
HPRegen  0.11/turn              (no ring)
MPRegen  0.09/turn              (no ring)

@: no status effects
A: small, mutation resistance 1
a: no special abilities


You were on level 2 of the Dungeon.
You were not hungry.

You visited 1 branch of the dungeon, and saw 2 of its levels.

You collected 95 gold pieces.

Inventory:

Hand Weapons
 a - a +0 rapier (weapon)
Missiles
 g - 22 stones (quivered)
 i - 39 sling bullets
Armour
 b - a +0 leather armour (worn)
 c - a +0 helmet (worn)
Comestibles
 f - 3 rations
 j - 6 chunks of flesh


   Skills:
 - Level 1.7 Fighting
 + Level 4.5 Short Blades
 + Level 2.8 Throwing
 + Level 4.0 Dodging
 * Level 3.3 Stealth


You had 4 spell levels left.
You didn't know any spells.
Your spell library was empty.

Dungeon Overview and Level Annotations

Branches:
Dungeon (2/15)

Altars:
Elyvilon


Innate Abilities, Weirdness & Mutations

You are small and have problems with some larger weapons.
You are somewhat resistant to further mutation.


Message History

As you read the scroll labeled TYDUH TIPSE, it crumbles to dust.
You feel blessed for a moment.
It was a scroll of remove curse.
The orc closely misses you. The hobgoblin barely misses you.
The worm completely misses you.
As you read the scroll labeled DIJES EMNOINK, it crumbles to dust.
You assume a fearsome visage.
The hobgoblin looks frightened!
The orc looks frightened! x2; The worm looks frightened!
It was a scroll of fear.
The hobgoblin wails, "Help!"
Cornered, the hobgoblin turns to fight!
The hobgoblin hits you but does no damage.
The orc shouts!
Throwing (i - inventory)
g - 23 stones (quivered)
Press: ? - help, Shift-Dir - straight line, f - hobgoblin
Aim: a hobgoblin, wielding a club (grey smoke, inner flame)
You throw a stone. The stone hits the hobgoblin.
The hobgoblin is moderately wounded.
The orc priest mumbles some strange prayers to Beogh against you.
Beogh smites you!
You die...

###*#..................#####.###.
#.......#############ooo.##.o
#####.......# ##§o.#####.#
............# #o§###...ow.
,*##........# ##§###.?....† ,*
#........# ######o§##......o.
#####.......# #..w.§o###....>...
.........>>.# #...o§## #........
.....###.#### #@g...# #........
......##..#* **#######**#........
...##.###..#**,,,,,,,,,,,.......(
.).#,..#,....,,***********,,,,,,,
...#,⌠.#,##..#**** *,,,,,,,,
...#,..#***#..,,,********,,,,,,,,
...#*.## *****,,,,,,,,,,,,,,,,,
....#.# ***,,,,,,,,,,,,,,,,,
##.##,** *****,,,,,,,,,,,,,,,,,,,


You could see a worm (inner flame), 2 orc priests, an orc (inner flame) and a
hobgoblin (inner flame).

Vanquished Creatures
  A bullfrog (D:2)
  A worm (D:2)
  2 dart slugs
  2 leopard geckos
  4 giant cockroaches
  5 goblins
  7 hobgoblins
  7 jackals
  8 kobolds
  6 bats
  4 frilled lizards
  7 rats
54 creatures vanquished.

Notes
Turn   | Place    | Note
-------+----------+-------------------------------------------
     0 | D:1      | jerryfan the Halfling Gladiator began the quest for the Orb.
     0 | D:1      | Reached XP level 1. HP: 14/14 MP: 1/1
    41 | D:1      | Reached skill level 1 in Stealth
    41 | D:1      | Reached XP level 2. HP: 17/19 MP: 2/2
   562 | D:1      | Reached XP level 3. HP: 24/24 MP: 3/3
  1022 | D:2      | Upgraded the game from 0.22-a0-456-g11ed031 to 0.22-a0-458-gb446440
  1029 | D:2      | Reached XP level 4. HP: 22/29 MP: 4/4
  1049 | D:2      | Found a white marble altar of Elyvilon.
  1512 | D:2      | Noticed a bullfrog
  1526 | D:2      | Killed a bullfrog
  1526 | D:2      | Reached XP level 5. HP: 7/34 MP: 5/5
  1559 | D:2      | Killed from afar by an orc priest

Vault maps used:
D:1:      lemuel_arrival_broad_hall
D:2:      elyvilon_altar_1, first_ration

Skill      XL: |  1  2  3  4 |
---------------+-------------+-----
Stealth        | 1 2 3 |  3.3
Short Blades   | 4 |  4.5
Dodging        | 4 |  4.0
Fighting       | |  1.7
Throwing       | |  2.8

Action                   |  1- 3 |  4- 6 || total
-------------------------+-------+-------++-------
Melee: Rapier            |   113 |    64 ||   177
Throw: Throwing net      |     1 |     3 ||     4
       Stone             |       |     1 ||     1
  Use: Potion            |     1 |     3 ||     4
       Scroll            |       |     6 ||     6
 Stab: Sleeping          |     1 |       ||     1
  Eat: Chunk             |       |     2 ||     2
Armor: Leather armour    |    18 |    24 ||    42
Dodge: Dodged            |    65 |    97 ||   162

Table legend:
 A = Spawn XP
 B = Non-spawn XP
 C = Spawn XP percentage of total XP
 D = Spawn monster count
 E = Non-spawn monster count
 F = Spawn count percentage of total count
 G = Total turns spent on level
                    A         B        C        D         E        F      G
               +---------+---------+-------+---------+---------+-------+---------
         Total |       0 |     191 |   0.0 |       0 |      54 |   0.0 |  1559
               +---------+---------+-------+---------+---------+-------+---------
           D:1 |       0 |      51 |   0.0 |       0 |      29 |   0.0 |   936
           D:2 |       0 |     140 |   0.0 |       0 |      25 |   0.0 |   623
               +---------+---------+-------+---------+---------+-------+---------
